 Dungeon Crawl Stone Soup version 0.18.1-8-gdd0e5ea (webtiles) character file.

239 mimo the Skirmisher (level 5, 0/72 HPs)
             Began as a Minotaur Monk on June 6, 2016.
             Succumbed to an orc's poison
             ... on level 3 of the Dungeon.
             The game lasted 00:14:24 (2578 turns).

mimo the Skirmisher (Minotaur Monk)                 Turns: 2578, Time: 00:14:24

Health: 0/72       AC: 11    Str: 18 (21) XL:     5   Next: 79%
Magic:  4/4        EV:  7    Int:  5 (7)  God:
Gold:   192        SH:  0    Dex: 12 (13) Spells: 0 memorised, 4 levels left

rFire  . . .     SeeInvis .     u - +0 war axe
rCold  . . .     Gourm    .     c - +0 plate armour
rNeg   . . .     Faith    .     (no shield)
rPois  .         Spirit   .     (helmet restricted)
rElec  .         Dismiss  .     (no cloak)
rCorr  .         Reflect  .     (no gloves)
SustAt .         Harm     .     (no boots)
MR     .....                    e - amulet of rage
Stlth  ..........               (no ring)
                                (no ring)

@: berserking, lethally poisoned (0 -> -4), very slightly contaminated,
invisible, very quick, not resistant to hostile enchantments, extremely
unstealthy
A: retaliatory headbutt, horns 2
a: Evoke Berserk Rage


You were on level 3 of the Dungeon.
You were not hungry.

You visited 1 branch of the dungeon, and saw 4 of its levels.
You also visited: Sewer.

You collected 192 gold pieces.

Inventory:

Hand Weapons
 g - a +0 dagger of draining
 u - a +0 war axe (weapon)
Missiles
 h - 6 tomahawks (quivered)
Armour
 a - a +0 robe
 c - a +0 plate armour (worn)
Jewellery
 e - an amulet of rage (around neck)
 o - a cursed -2 ring of intelligence {unknown}
Scrolls
 d - a scroll of fear {unknown}
 f - 2 scrolls of fog {unknown}
 j - a scroll of remove curse {unknown}
 n - a scroll of identify {unknown}
 r - a scroll of immolation {unknown}
Potions
 v - a potion of flight {unknown}
Books
 i - a book of Callings

   Spells                             Type                      Level
   a - Summon Small Mammal            Summoning                    1
   b - Call Imp                       Summoning                    2
   c - Call Canine Familiar           Summoning                    3
   d - Summon Guardian Golem          Hexes/Summoning              3
   e - Summon Lightning Spire         Summoning/Air                4
   f - Summon Ice Beast               Ice/Summoning                4
Comestibles
 b - 2 bread rations
 k - a beef jerky
 l - 3 chunks of flesh
 m - 3 meat rations


   Skills:
 + Level 5.0 Fighting
 * Level 2.9 Axes
 + Level 3.2 Armour
 + Level 4.6 Dodging
 - Level 1.5 Stealth
 - Level 4.3 Unarmed Combat


You had 4 spell levels left.
You didn't know any spells.

Dungeon Overview and Level Annotations

Branches:
Dungeon (4/15)
 Temple: D:4-7

Altars:
Elyvilon
Xom
Yredelemnul

Annotations:
D:3 Grinder


Innate Abilities, Weirdness & Mutations

You reflexively headbutt those who attack you in melee.
You have a pair of horns on your head.


Message History

You feel sick. Grinder hits you but does no damage.
You slash Grinder! You headbutt Grinder!
Grinder is almost dead.
You feel sick. Grinder gestures at you. Pain shoots through your body!
* * * LOW HITPOINT WARNING * * *
You are too berserk!
You are too berserk!
You are too berserk!
You hit Grinder.
Grinder is almost dead.
* * * LOW HITPOINT WARNING * * *
You feel sick.
Your plate armour prevents you from hitting Grinder.
Grinder is almost dead.
Grinder hits you but does no damage.
You closely miss Grinder.
Grinder is almost dead.
You die...

############## #####
......##.....# #...########
......##.....#####..........#
.......'.......)@5..........#
......##..........#.........#
......##..........#.........#
......##.....)....#.........#
......+..........##.........#
......##.#.......####......##
......##.#.......#....####.#
###..............#....# #.#
###.....###..#.#.#....####.#


You could see Grinder.

Vanquished Creatures
  A crocodile (Sewer)
  An orc wizard (D:3)
  5 adders
  2 worms
  A dart slug (D:3)
  6 orcs
  2 giant cockroaches (D:2)
  6 goblins
  9 hobgoblins
  8 jackals (D:3)
  4 quokkas
  A ball python (D:1)
  13 bats
  5 giant newts
  9 kobolds
  9 rats
82 creatures vanquished.

Notes
Turn   | Place    | Note
--------------------------------------------------------------
     0 | D:1      | mimo the Minotaur Monk began the quest for the Orb.
     0 | D:1      | Reached XP level 1. HP: 19/19 MP: 0/0
    68 | D:1      | Reached skill level 1 in Armour
   182 | D:1      | Reached XP level 2. HP: 27/27 MP: 1/1
   238 | D:1      | Found a shimmering altar of Xom.
   923 | D:2      | Reached skill level 4 in Fighting
   930 | D:2      | Reached XP level 3. HP: 31/33 MP: 2/2
  1009 | D:2      | Found a basalt altar of Yredelemnul.
  1256 | D:2      | Reached XP level 4. HP: 31/41 MP: 3/3
  1306 | D:2      | Found a white marble altar of Elyvilon.
  1713 | D:3      | Reached skill level 1 in Axes
  1718 | D:3      | Reached XP level 5. HP: 25/47 MP: 4/4
  2048 | D:3      | Found a glowing drain.
  2053 | Sewer    | Entered a sewer
  2096 | Sewer    | Noticed a crocodile
  2116 | Sewer    | Killed a crocodile
  2116 | Sewer    | Reached skill level 5 in Fighting
  2553 | D:4      | Noticed Grinder
  2554 | D:4      | Paralysed by Grinder for 6 turns
  2564 | D:3      | Paralysed by Grinder for 5 turns
  2575 | D:3      | HP: 1/72 [Grinder/nerve-wracking pain (7)]
  2578 | D:3      | Succumbed to an orc's poison

Skill      XL: |  1  2  3  4  5 |
---------------+----------------+-----
Armour         | 1 2 3 |  3.2
Fighting       | 4 5 |  5.0
Dodging        | 4 |  4.6
Axes           | 1 2 |  2.9
Stealth        | |  1.5
Unarmed Combat | |  4.3

Action                   |  1- 3 |  4- 6 || total
-------------------------+-------+-------++-------
Melee: Unarmed           |    33 |       ||    33
       Headbutt          |    16 |    16 ||    32
       Dagger            |    76 |    54 ||   130
       War axe           |       |    73 ||    73
       Punch             |       |     3 ||     3
  Use: Potion            |       |     8 ||     8
 Stab: Sleeping          |     1 |       ||     1
       Invisible         |       |     1 ||     1
  Eat: Chunk             |     1 |     4 ||     5
       Fruit             |       |     1 ||     1
Armor: Plate armour      |    69 |   167 ||   236
       Robe              |     4 |       ||     4
       Skin              |       |     7 ||     7
Dodge: Dodged            |    31 |    56 ||    87
